| TOP OF THE 1ST |
|
Binghamton Mets batting - Pitching for Greensboro Grasshoppers : RHP Cory Levine
|
|
Pitching: RHP Cory Levine
|
|
|
Batting: RHB Oscar Bravo
|
0-0: Called Strike 0-1: Ball 1-1: Called Strike 1-2: Foul Ball, location: 2F 1-2: Ball 2-2: Foul Ball, location: 2F 2-2: Strikes out swinging
|
|
Batting: RHB Jack Nickleberry
|
0-0: Ball 1-0: Swinging Strike 1-1: Ball 2-1: Ball 3-1: Called Strike 3-2: Foul Ball, location: 2F 3-2: Strikes out swinging
|
|
Batting: SHB Masatoshi Akahoshi
|
0-0: Ball 1-0: Ball 2-0: Foul Ball, location: 2F 2-1: Swinging Strike 2-2: Ball 3-2: Strikes out swinging
|
| Top of the 1st over - 0 runs, 0 hits, 0 errors, 0 left on base; Binghamton 0 - Greensboro 0 |
| BOTTOM OF THE 1ST |
|
Greensboro Grasshoppers batting - Pitching for Binghamton Mets : RHP Jose Lara
|
|
Pitching: RHP Jose Lara
|
|
|
Batting: RHB Harrie de Kam
|
0-0: Called Strike 0-1: Ground out 5-3 (Groundball, 56, EV 92.5 MPH)
|
|
Batting: RHB Erik Coleman
|
0-0: Ball 1-0: Swinging Strike 1-1: Ball 2-1: Swinging Strike 2-2: Ball 3-2: Strikes out looking
|
|
Batting: LHB Angelo Estrella
|
0-0: Ball 1-0: Called Strike 1-1: Ball 2-1: Ball 3-1: Ground out 5-3 (Groundball, 56, EV 78.1 MPH)
|
| Bottom of the 1st over - 0 runs, 0 hits, 0 errors, 0 left on base; Binghamton 0 - Greensboro 0 |
| TOP OF THE 2ND |
|
Binghamton Mets batting - Pitching for Greensboro Grasshoppers : RHP Cory Levine
|
|
Batting: RHB Chris Artz
|
0-0: Foul Ball, location: 2F 0-1: Ball 1-1: Ball 2-1: Ball 3-1: SINGLE (Flyball, 3D, EV 85.0 MPH)
|
|
Batting: SHB Alex Cavazos
|
0-0: Ball 1-0: Grounds into double play, 1-6-3 (Groundball, 23, EV 71.2 MPH)
|
|
Batting: SHB Jerry Burrows
|
0-0: Ball 1-0: Ball 2-0: SINGLE (Groundball, 13, EV 82.5 MPH) (infield hit)
|
|
Batting: SHB Keith Casner
|
0-0: Ball 1-0: Swinging Strike 1-1: Ball 2-1: Called Strike 2-2: Strikes out swinging
|
| Top of the 2nd over - 0 runs, 2 hits, 0 errors, 1 left on base; Binghamton 0 - Greensboro 0 |
| BOTTOM OF THE 2ND |
|
Greensboro Grasshoppers batting - Pitching for Binghamton Mets : RHP Jose Lara
|
|
Batting: RHB Miguel Velasco
|
0-0: Ball 1-0: Foul Ball, location: 2F 1-1: Called Strike 1-2: Foul Ball, location: 2F 1-2: Fly out, F9 (Flyball, 9S, EV 94.4 MPH)
|
|
Batting: LHB Ryan Thompson
|
0-0: Ground out 5-3 (Groundball, 5, EV 89.4 MPH)
|
|
Batting: RHB Andy Kelly
|
0-0: Ball 1-0: Ball 2-0: Ball 3-0: Base on Balls
|
|
Batting: RHB J.D. Vander Klok
|
0-0: Called Strike Andy Kelly steals 2nd base 0-1: Ball 1-1: Foul Ball, location: 2F 1-2: Ball 2-2: Ball 3-2: Base on Balls
|
|
Batting: RHB Hiromitsu Yamada
|
0-0: Fly out, F8 (Flyball, 8LM, EV 92.5 MPH)
|
| Bottom of the 2nd over - 0 runs, 0 hits, 0 errors, 2 left on base; Binghamton 0 - Greensboro 0 |
| TOP OF THE 3RD |
|
Binghamton Mets batting - Pitching for Greensboro Grasshoppers : RHP Cory Levine
|
|
Batting: RHB Mike Hanks
|
0-0: Ball 1-0: Called Strike 1-1: Ball 2-1: Ball 3-1: Base on Balls
|
|
Batting: RHB Jim Freels
|
0-0: Swinging Strike 0-1: Swinging Strike 0-2: Ball 1-2: Strikes out looking
|
|
Batting: RHB Oscar Bravo
|
0-0: Called Strike 0-1: Fielders Choice at 2nd, 4-6 (Groundball, 4, EV 105.0 MPH)
|
|
Batting: RHB Jack Nickleberry
|
0-0: Swinging Strike 0-1: Foul Ball, location: 2F 0-2: Ball 1-2: Strikes out looking
|
| Top of the 3rd over - 0 runs, 0 hits, 0 errors, 1 left on base; Binghamton 0 - Greensboro 0 |
| BOTTOM OF THE 3RD |
|
Greensboro Grasshoppers batting - Pitching for Binghamton Mets : RHP Jose Lara
|
|
Batting: RHB Jason Thrash
|
0-0: Ball 1-0: Swinging Strike 1-1: Foul Ball, location: 2F 1-2: Strikes out looking
|
|
Batting: RHB Harrie de Kam
|
0-0: Ball 1-0: Ball 2-0: SINGLE (Flyball, 78M, EV 80.0 MPH)
|
|
Batting: RHB Erik Coleman
|
0-0: Called Strike Harrie de Kam steals 2nd base 0-1: Foul Ball, location: 2F 0-2: Ground out 6-3 (Groundball, 56, EV 106.2 MPH)
|
|
Batting: LHB Angelo Estrella
|
0-0: Ball 1-0: Ball Wild Pitch! Harrie de Kam to third 2-0: Foul Ball, location: 2F 2-1: Fly out, F8 (Flyball, 89M, EV 88.1 MPH)
|
| Bottom of the 3rd over - 0 runs, 1 hit, 0 errors, 1 left on base; Binghamton 0 - Greensboro 0 |
| TOP OF THE 4TH |
|
Binghamton Mets batting - Pitching for Greensboro Grasshoppers : RHP Cory Levine
|
|
Batting: SHB Masatoshi Akahoshi
|
0-0: Called Strike 0-1: Called Strike 0-2: Strikes out swinging
|
|
Batting: RHB Chris Artz
|
0-0: Ball 1-0: Fly out, F7 (Flyball, 7LD, EV 90.6 MPH)
|
|
Batting: SHB Alex Cavazos
|
0-0: Swinging Strike 0-1: Swinging Strike 0-2: Strikes out swinging, 2-3 out at first.
|
| Top of the 4th over - 0 runs, 0 hits, 0 errors, 0 left on base; Binghamton 0 - Greensboro 0 |
| BOTTOM OF THE 4TH |
|
Greensboro Grasshoppers batting - Pitching for Binghamton Mets : RHP Jose Lara
|
|
Batting: RHB Miguel Velasco
|
0-0: DOUBLE (Line Drive, 89M, EV 90.0 MPH)
|
|
Batting: LHB Ryan Thompson
|
0-0: Called Strike 0-1: SINGLE (Groundball, 4MD, EV 98.8 MPH) Miguel Velasco to third
|
|
Batting: RHB Andy Kelly
|
0-0: 3-RUN HOME RUN (Flyball, 9LD, EV 95.6 MPH), Distance : 347 ft
|
|
Batting: RHB J.D. Vander Klok
|
0-0: Called Strike 0-1: Ball 1-1: Ball 2-1: SINGLE (Line Drive, 7S, EV 90.6 MPH)
|
|
Batting: RHB Hiromitsu Yamada
|
0-0: Called Strike 0-1: Ball 1-1: Grounds into double play, 5-4-3 (Groundball, 5, EV 84.4 MPH)
|
|
Batting: RHB Jason Thrash
|
0-0: Swinging Strike 0-1: Swinging Strike 0-2: Ball 1-2: Strikes out looking
|
| Bottom of the 4th over - 3 runs, 4 hits, 0 errors, 0 left on base; Binghamton 0 - Greensboro 3 |
| TOP OF THE 5TH |
|
Binghamton Mets batting - Pitching for Greensboro Grasshoppers : RHP Cory Levine
|
|
Batting: SHB Jerry Burrows
|
0-0: Ball 1-0: Ball 2-0: Ball 3-0: Foul Ball, location: 2F 3-1: Base on Balls
|
|
Batting: SHB Keith Casner
|
0-0: Foul Ball, location: 2F 0-1: Called Strike 0-2: Strikes out looking
|
|
Batting: RHB Mike Hanks
|
0-0: Called Strike 0-1: Foul Ball, location: 2F 0-2: Strikes out swinging
|
|
Batting: RHB Jim Freels
|
0-0: Ball 1-0: Ground out 6-3 (Groundball, 6S, EV 91.9 MPH)
|
| Top of the 5th over - 0 runs, 0 hits, 0 errors, 1 left on base; Binghamton 0 - Greensboro 3 |
| BOTTOM OF THE 5TH |
|
Greensboro Grasshoppers batting - Pitching for Binghamton Mets : RHP Jose Lara
|
|
Batting: RHB Harrie de Kam
|
0-0: Called Strike 0-1: Ground out 6-3 (Groundball, 6, EV 106.2 MPH)
|
|
Batting: RHB Erik Coleman
|
0-0: Called Strike 0-1: Foul Ball, location: 2F 0-2: Fly out, F9 (Flyball, 9LM, EV 91.2 MPH)
|
|
Batting: LHB Angelo Estrella
|
0-0: Called Strike 0-1: Ball 1-1: Ball 2-1: Ball 3-1: Base on Balls
|
|
Batting: RHB Miguel Velasco
|
0-0: Ball 1-0: Fly out, F5 (Popup, 5SF, EV 69.4 MPH)
|
| Bottom of the 5th over - 0 runs, 0 hits, 0 errors, 1 left on base; Binghamton 0 - Greensboro 3 |
| TOP OF THE 6TH |
|
Binghamton Mets batting - Pitching for Greensboro Grasshoppers : RHP Cory Levine
|
|
Batting: RHB Oscar Bravo
|
0-0: Called Strike 0-1: Called Strike 0-2: Ball 1-2: Strikes out looking
|
|
Batting: RHB Jack Nickleberry
|
0-0: Ball 1-0: Ball 2-0: Called Strike 2-1: Fly out, F8 (Flyball, 8RD, EV 85.0 MPH)
|
|
Batting: SHB Masatoshi Akahoshi
|
0-0: Ball 1-0: Swinging Strike 1-1: Ground out 4-3 (Groundball, 4, EV 85.6 MPH)
|
| Top of the 6th over - 0 runs, 0 hits, 0 errors, 0 left on base; Binghamton 0 - Greensboro 3 |
| BOTTOM OF THE 6TH |
|
Greensboro Grasshoppers batting - Pitching for Binghamton Mets : RHP Jose Lara
|
|
Batting: LHB Ryan Thompson
|
0-0: Called Strike 0-1: Ball 1-1: Swinging Strike 1-2: Ground out 4-3 (Groundball, 4, EV 89.4 MPH)
|
|
Batting: RHB Andy Kelly
|
0-0: Ground out 6-3 (Groundball, 6, EV 85.6 MPH)
|
|
Batting: RHB J.D. Vander Klok
|
0-0: Fly out, F9 (Flyball, 9D, EV 107.5 MPH)
|
| Bottom of the 6th over - 0 runs, 0 hits, 0 errors, 0 left on base; Binghamton 0 - Greensboro 3 |
| TOP OF THE 7TH |
|
Binghamton Mets batting - Pitching for Greensboro Grasshoppers : RHP Cory Levine
|
|
Pitching: RHP Mike Yorke
|
|
|
Batting: RHB Chris Artz
|
0-0: Called Strike 0-1: Swinging Strike 0-2: Foul Ball, location: 2F 0-2: Foul Ball, location: 2F 0-2: Foul Ball, location: 2F 0-2: Ball 1-2: Foul Ball, location: 2F 1-2: Ball 2-2: Ball 3-2: TRIPLE (Flyball, 78XD, EV 95.6 MPH)
|
|
Batting: SHB Alex Cavazos
|
0-0: SINGLE (Groundball, 4M, EV 106.2 MPH) (infield hit) Chris Artz scores
|
|
Batting: SHB Jerry Burrows
|
0-0: Grounds into double play, 4-6-3 (Groundball, 4, EV 103.1 MPH)
|
|
Batting: SHB Keith Casner
|
0-0: Ball 1-0: Called Strike 1-1: Ball 2-1: Ball 3-1: Foul Ball, location: 2F 3-2: Foul Ball, location: 2F 3-2: Ground out 4-3 (Groundball, 4, EV 104.4 MPH)
|
| Top of the 7th over - 1 run, 2 hits, 0 errors, 0 left on base; Binghamton 1 - Greensboro 3 |
| BOTTOM OF THE 7TH |
|
Greensboro Grasshoppers batting - Pitching for Binghamton Mets : RHP Jose Lara
|
|
Batting: RHB Hiromitsu Yamada
|
0-0: Ball 1-0: Foul Ball, location: 2F 1-1: Ground out 6-3 (Groundball, 6S, EV 65.0 MPH)
|
|
Batting: RHB Jason Thrash
|
0-0: Foul Ball, location: 2F 0-1: SINGLE (Groundball, 4MD, EV 106.9 MPH)
|
|
Batting: RHB Harrie de Kam
|
0-0: Called Strike 0-1: Hit by Pitch Jason Thrash to second
|
|
Batting: RHB Erik Coleman
|
0-0: Ball 1-0: Fielders Choice at 2nd, 3-6 (Groundball, 34S, EV 83.1 MPH) Jason Thrash to third
|
|
Batting: LHB Angelo Estrella
|
0-0: Called Strike 0-1: Ball 1-1: Ball 2-1: Ball 3-1: Called Strike 3-2: Base on Balls Erik Coleman to second
|
|
Pitching: RHP Jean-Pierre Carpentier
|
|
|
Batting: RHB Miguel Velasco
|
0-0: Foul Ball, location: 2F 0-1: Fly out, F8 (Flyball, 89XD, EV 107.5 MPH)
|
| Bottom of the 7th over - 0 runs, 1 hit, 0 errors, 3 left on base; Binghamton 1 - Greensboro 3 |
| TOP OF THE 8TH |
|
Binghamton Mets batting - Pitching for Greensboro Grasshoppers : RHP Mike Yorke
|
|
Pitching: RHP Dan Durand
|
|
|
Batting: RHB Mike Hanks
|
0-0: Ball 1-0: Foul Ball, location: 2F 1-1: Foul Ball, location: 2F 1-2: Foul Ball, location: 2F 1-2: Foul Ball, location: 2F 1-2: Strikes out looking
|
|
Batting: RHB Jim Freels
|
0-0: Ball 1-0: Ball 2-0: Called Strike 2-1: Ball 3-1: SINGLE (Groundball, 6MD, EV 96.2 MPH)
|
|
Batting: RHB Oscar Bravo
|
0-0: Called Strike 0-1: Fly out, F7 (Flyball, 7, EV 91.2 MPH)
|
|
Batting: RHB Jack Nickleberry
|
0-0: Ball 1-0: Foul Ball, location: 2F 1-1: Ground out 4-3 (Groundball, 4, EV 96.9 MPH)
|
| Top of the 8th over - 0 runs, 1 hit, 0 errors, 1 left on base; Binghamton 1 - Greensboro 3 |
| BOTTOM OF THE 8TH |
|
Greensboro Grasshoppers batting - Pitching for Binghamton Mets : RHP Jean-Pierre Carpentier
|
|
Batting: LHB Ryan Thompson
|
0-0: Called Strike 0-1: Swinging Strike 0-2: Strikes out swinging
|
|
Batting: RHB Andy Kelly
|
0-0: Ball 1-0: Called Strike 1-1: Swinging Strike 1-2: Ball 2-2: Strikes out looking
|
|
Batting: RHB J.D. Vander Klok
|
0-0: Ball 1-0: Called Strike 1-1: Ball 2-1: SINGLE (Line Drive, 4D, EV 99.4 MPH)
|
|
Batting: RHB Hiromitsu Yamada
|
Pickoff Throw to First - Out! 1-3 CS
|
| Bottom of the 8th over - 0 runs, 1 hit, 0 errors, 0 left on base; Binghamton 1 - Greensboro 3 |
| TOP OF THE 9TH |
|
Binghamton Mets batting - Pitching for Greensboro Grasshoppers : RHP Dan Durand
|
|
Pitching: RHP Chris Forster
|
|
|
Batting: SHB Masatoshi Akahoshi
|
0-0: Called Strike 0-1: Foul Ball, location: 2F 0-2: Ball 1-2: Fly out, F7 (Flyball, 7D, EV 90.6 MPH)
|
|
Batting: RHB Chris Artz
|
0-0: Ball 1-0: Fly out, F9 (Line Drive, 9LM, EV 101.9 MPH)
|
|
Batting: SHB Alex Cavazos
|
0-0: Foul Ball, location: 2F 0-1: Ball 1-1: Called Strike 1-2: Strikes out swinging
|
| Top of the 9th over - 0 runs, 0 hits, 0 errors, 0 left on base; Binghamton 1 - Greensboro 3 |
|